 Dungeon Crawl Stone Soup version 0.28.0-1-gb440e238dd (webtiles) character file.

Game seed: 4804416218865666617

231 Crownlay the Magician (level 6, 0/46 HPs)
             Began as a Djinni Air Elementalist on Feb 20, 2022.
             Killed from afar by an orc wizard (1 damage)
             ... with a puff of flame
             ... on level 3 of the Dungeon.
             The game lasted 00:04:24 (3135 turns).

Crownlay the Magician (Djinni Air Elementalist)     Turns: 3135, Time: 00:04:25

Health: 0/46       AC:  4    Str:  7    XL:     6   Next: 24%
Gold:   105        EV: 12    Int: 18    God:
                   SH:  0    Dex: 14

rFire   + + .      SeeInvis .   b - +0 mace
rCold   x . .      Faith    .   (no shield)
rNeg    . . .      Spirit   .   a - +0 robe
rPois   ∞          Reflect  .   h - +1 helmet
rElec   .          Harm     .   (no cloak)
rCorr   .          Rampage  .   (no gloves)
Will    .....                   (boots unavailable)
Stlth   +.........              (no amulet)
HPRegen 0.15/turn               (no ring)
MPRegen 0.00/turn               (no ring)

@: confused, mighty, flying
A: sickness immunity, fire resistance 2, cold vulnerability 1, float, innate
caster, HP casting, extra vitality 1
a: no special abilities


You were on level 3 of the Dungeon.
You visited 1 branch of the dungeon, and saw 3 of its levels.

You collected 105 gold pieces.

Inventory:

Hand Weapons
 b - a +0 mace (weapon)
Armour
 a - a +0 robe (worn)
 h - a +1 helmet (worn)
Scrolls
 d - a scroll of summoning {unknown}
 f - 2 scrolls of identify {unknown}
 j - a scroll of holy word {unknown}
Potions
 e - a potion of might
 g - a potion of mutation {unknown}
 i - a potion of flight {unknown}
 k - a potion of cancellation {unknown}


   Skills:
 + Level 3.0 Fighting
 - Level 2.1 Dodging
 - Level 1.5 Stealth
 * Level 4.3 Spellcasting


You couldn't memorise any spells.
You knew the following spells:

 Your Spells              Type           Power      Damage    Failure   Level
a - Shock                 Conj/Air       76%        1d7       2%          1
b - Static Discharge      Conj/Air       19%        N/A       3%          2
c - Swiftness             Air            19%        N/A       7%          3
d - Airstrike             Air            9%         N/A       24%         4
e - Pain                  Necr           76%        1d7       2%          1
f - Call Imp              Summ           19%        N/A       3%          2
Your spell library was empty.

Dungeon Overview and Level Annotations

Branches:
Dungeon (3/15)

Altars:


Innate Abilities, Weirdness & Mutations

You are immune to sickness and miasma.
You are immune to poison.
Your flesh is very heat resistant. (rF++)
You are vulnerable to cold. (rC-)
You float through the air rather than walking.
You learn spells naturally, not from books.
Your magical power is your life essence.
You have superior vitality. (+4 MHP)


Message History

You are confused.
You're too confused to cast spells.
Sorry, you're not good enough to have a special ability.
Unknown command.
You're too confused to cast spells.
Sorry, you're not good enough to have a special ability.
You bump into the rock wall.
You hear some strange, mumbled words.
Something hits you but does no damage.
You bump into the rock wall.
You hear some strange, mumbled words. x2
A magic dart appears from out of thin air!
The magic dart hits you!
* * * LOW HITPOINT WARNING * * *
You're too confused to move!
An orc wizard appears from thin air!
Reactivating autopickup.
The orc wizard gestures wildly while chanting.
The orc wizard flickers and vanishes!
Deactivating autopickup; reactivate with Ctrl-A.
You closely miss something.
You hear some strange, mumbled words.
You are more confused.
You hear some strange, mumbled words.
A puff of flame appears from out of thin air!
The puff of flame misses you.
You hear some strange, mumbled words.
A magic dart appears from out of thin air!
The magic dart hits you.
* * * LOW HITPOINT WARNING * * *
Your magical contamination has completely faded away.
A magic dart appears from out of thin air!
The magic dart hits you.
* * * LOW HITPOINT WARNING * * *
It was a potion of might.
You feel very mighty all of a sudden.
It was a potion of magic.
Magic washes over you without effect.
You hear a zap.
A puff of flame appears from out of thin air!
The puff of flame hits you. You resist.
You die...

#####...(...#
#...........# ###
##.###.......######
..####..#######.##.....#
.......................#
...#.##########.##.....#
..##.# #)##..#### .....#
#..).## ..#### #.@###
### #####{{#
#########.....##
###.........###.#
....######### #.# .####
#)## #### ## #).###..# #
##.....## ##..####


There were no monsters in sight!

Vanquished Creatures
  Jessica (D:2)
  Natasha (thrice) (D:2)
  Robin (D:2)
  3 gnolls (D:2)
  2 dart slugs (D:1)
  7 orcs (D:3)
  4 ball pythons
  3 bats
  4 endoplasms
  4 giant cockroaches
  17 goblins
  10 hobgoblins
  4 jackals (D:2)
  5 quokkas
  4 kobolds
  A rat (D:3)
73 creatures vanquished.

Notes
Turn   | Place    | Note
-------+----------+-------------------------------------------
     0 | D:1      | Crownlay the Djinni Air Elementalist began the quest for
                  | the Orb.
     0 | D:1      | Reached XP level 1. HP: 15/15 MP: 0/0
   203 | D:1      | Reached XP level 2. HP: 15/22 MP: 0/0
   516 | D:1      | Reached skill level 1 in Fighting
   777 | D:1      | Reached XP level 3. HP: 25/27 MP: 0/0
   777 | D:1      | Learned a level 1 spell: Pain
   807 | D:1      | Reached skill level 3 in Spellcasting
  1218 | D:1      | You are sucked into a shaft and drop 1 floor!
  1395 | D:2      | Reached XP level 4. HP: 22/33 MP: 0/0
  1706 | D:2      | Found a faded altar of an unknown god.
  1782 | D:2      | Noticed Natasha
  1789 | D:2      | Killed Natasha
  1790 | D:2      | Reached XP level 5. HP: 19/38 MP: 0/0
  1790 | D:2      | Learned a level 2 spell: Call Imp
  1795 | D:2      | Noticed Robin
  1801 | D:2      | Killed Robin
  1836 | D:2      | Noticed Natasha
  1840 | D:2      | Killed Natasha
  1841 | D:2      | Reached skill level 4 in Spellcasting
  2199 | D:2      | Noticed Natasha
  2206 | D:2      | Killed Natasha
  2396 | D:2      | Noticed Jessica
  2412 | D:2      | Killed Jessica
  2413 | D:2      | Reached XP level 6. HP: 39/45 MP: 0/0
  3133 | D:3      | HP: 1/46 [something/magic dart (3)]
  3135 | D:3      | Killed from afar by an orc wizard

Illustrated notes

Levels and vault maps discovered:
D:1:      ebering_trefoil_twist, layout_loops_ring
D:2:      layout_basic, chequers_ecumenical_altar_island, uniq_natasha,
          uniq_jessica, uniq_robin
D:3:      layout_rooms

Skill      XL: |  1  2  3  4  5  6 |
---------------+-------------------+-----
Fighting       | 1 2 3 |  3.0
Spellcasting   | 3 4 |  4.3
Dodging        | |  2.1
Stealth        | |  1.5

Action                   |  1- 3 |  4- 6 || total
-------------------------+-------+-------++-------
Melee: Mace              |       |     2 ||     2
 Cast: Shock             |    66 |    94 ||   160
  Use: Potion            |       |     2 ||     2
Armor: Robe              |     3 |     5 ||     8
Dodge: Dodged            |    12 |    13 ||    25
